 Dungeon Crawl Stone Soup version 0.21.1-1-g345015fe64 (webtiles) character file.

67 LevaFresel the Bolt Thrower (level 4, -2/27 HPs)
             Began as a Kobold Hunter on June 8, 2018.
             Slain by an ogre
             ... wielding a +0 giant club
              (27 damage)
             ... on level 4 of the Dungeon.
             The game lasted 00:06:17 (1723 turns).

LevaFresel the Bolt Thrower (Kobold Hunter)         Turns: 1723, Time: 00:06:17

Health: -2/27      AC:  3    Str: 10    XL:     4   Next: 40%
Magic:  4/4        EV: 15    Int: 12    God:
Gold:   145        SH:  0    Dex: 15    Spells: 3/3 levels left

rFire    . . .     SeeInvis .   a - +1 hand crossbow
rCold    . . .     Gourm    .   (shield restricted)
rNeg     . . .     Faith    .   c - +0 leather armour
rPois    .         Spirit   .   (no helmet)
rElec    .         Reflect  .   (no cloak)
rCorr    .         Harm     .   (no gloves)
MR       .....                  (no boots)
Stlth    ++........             (no amulet)
HPRegen  0.09/turn              (no ring)
MPRegen  0.09/turn              (no ring)

@: no status effects
A: small, carnivore
a: no special abilities


You were on level 4 of the Dungeon.
You were completely stuffed.

You visited 1 branch of the dungeon, and saw 4 of its levels.

You collected 145 gold pieces.

Inventory:

Hand Weapons
 a - a +1 hand crossbow (weapon)
 b - a +0 short sword
 l - a +0 dagger of draining
 t - a +1 falchion of electrocution
Missiles
 d - 14 bolts (quivered)
Armour
 c - a +0 leather armour (worn)
Jewellery
 o - an uncursed ring of fire {unknown}
Scrolls
 e - a scroll of immolation {unknown}
 h - a scroll of remove curse {unknown}
 j - a scroll of random uselessness {unknown}
 k - a scroll of fog {unknown}
 n - 3 scrolls of identify {unknown}
 p - a scroll of teleportation
 q - a scroll of enchant weapon {unknown}
 s - 3 scrolls of fear {unknown}
Potions
 g - 2 potions of heal wounds {unknown}
 i - a potion of lignification {unknown}
 m - 4 potions of brilliance {unknown}
 r - a potion of degeneration {unknown}
Comestibles
 f - 8 rations


   Skills:
 + Level 2.7 Fighting
 + Level 1.6 Short Blades
 * Level 5.5 Crossbows
 + Level 0.8 Armour
 + Level 3.0 Dodging
 - Level 2.0 Stealth


You had 3 spell levels left.
You didn't know any spells.

Dungeon Overview and Level Annotations

Branches:
Dungeon (4/15)
 Temple: D:4-7

Altars:
Hepliaklqana


Innate Abilities, Weirdness & Mutations

You are small and have problems with some larger weapons.
You are carnivorous and can eat meat at any time.


Message History

Found a stone staircase leading down.
Firing (i - inventory):
d - 16 bolts (quivered)
Press: ? - help, Shift-Dir - straight line, f - ogre
Aim: an ogre, wielding a giant club (hasn't noticed you)
You shoot a bolt. The ogre shouts!
The bolt hits the ogre!
The ogre is heavily wounded.
Things that are here:
a mace; a leather armour; an orc corpse You see here a hand axe.
Things that are here:
a flail; an orc corpse Firing (i - inventory):
d - 15 bolts (quivered)
Press: ? - help, Shift-Dir - straight line, f/p - ogre
Aim: an ogre, wielding a giant club (heavily wounded)
You shoot a bolt. The bolt completely misses the ogre.
The ogre hits you with a giant club!!
Ouch! That really hurt!
You die...

### ### #.# #.#
#.#######.#
#()O@..†..#
####)#######.#
#....# #.#
#.##.#######.##
#.####........#
#....#.########
....>#<#
###.#>#.#
...#.#


You could see an ogre.

Vanquished Creatures
  2 adders
  2 dart slugs
  2 leopard geckos
  10 orcs
  7 goblins
  A hobgoblin (D:1)
  A quokka (D:3)
  3 bats
  3 kobolds
  4 rats
35 creatures vanquished.

Notes
Turn   | Place    | Note
-------+----------+-------------------------------------------
     0 | D:1      | LevaFresel the Kobold Hunter began the quest for the Orb.
     0 | D:1      | Reached XP level 1. HP: 12/12 MP: 1/1
   258 | D:3      | Reached XP level 2. HP: 18/18 MP: 2/2
   268 | D:3      | Reached skill level 5 in Crossbows
   452 | D:1      | Reached skill level 1 in Short Blades
   552 | D:1      | Reached XP level 3. HP: 22/22 MP: 3/3
  1389 | D:3      | Found a hazy altar of Hepliaklqana.
  1463 | D:3      | Reached XP level 4. HP: 16/27 MP: 4/4
  1713 | D:4      | Noticed an ogre
  1723 | D:4      | Slain by an ogre

Skill      XL: |  1  2  3 |
---------------+----------+-----
Crossbows      | 5 |  5.5
Short Blades   | 1 |  1.6
Stealth        | 2 |  2.0
Dodging        | 3 |  3.0
Fighting       | |  2.7
Armour         | |  0.8

Action                   |  1- 3 |  4- 6 || total
-------------------------+-------+-------++-------
Melee: Short sword       |    54 |     2 ||    56
 Fire: Hand crossbow     |    19 |    13 ||    32
  Use: Scroll            |     1 |       ||     1
 Stab: Sleeping          |     4 |       ||     4
  Eat: Chunk             |    10 |     1 ||    11
Armor: Leather armour    |     8 |       ||     8
Dodge: Dodged            |    42 |     6 ||    48
